AoeStats
← MedaY

Black Forest

509434309Analyzed
3v3 RM · 6d ago on Sep 26, 2026· 66m 50s· 6 players
Game mode
Random Map
Map size
Normal (6 player)
Population
200
Speed
Normal
Resources
Standard
Victory
Conquest
Starting age
Dark Age
Ending age
Imperial Age
RankedLock teamsTeams togetherTeam positionsShared explorationLock speedFull tech treeHidden civsTurbo modeCheats
Victory
Defeat
🇺🇸 Goths · United States
733
+14
🇺🇸 Teutons · United States
733
+14
🇺🇸 Khmer · United States
720
+15
🇸🇪 Bohemians · Sweden
726
-15
🇧🇪 Vietnamese · Belgium
710
-15
🇬🇧 Mongols · United Kingdom
654
-13
Nico_24
8:48 Loom
15:15 Feudal Age
15:40 Horse Collar
15:49 Double-Bit Axe
22:53 Castle Age
28:18 Wheelbarrow
29:00 Hand Cart
30:07 Padded Archer Armor
30:13 Scale Barding Armor
29:59 Fletching
30:34 Town Watch
32:33 Heavy Plow
32:46 Bow Saw
33:29 Gold Mining
33:31 Stone Mining
36:34 Imperial Age
35:32 Town Patrol
35:28 Crossbowman
37:05 Stone Shaft Mining
37:34 Thumb Ring
38:43 Chemistry
37:29 Arrowslits
38:06 Ballistics
38:43 Crop Rotation
38:55 Caravan
38:57 Arbalester
40:02 Leather Archer Armor
43:05 Paper Money
44:41 Heated Shot
45:06 Masonry
44:52 Murder Holes
45:31 Ring Archer Armor
45:22 Chain Barding Armor
44:59 Bodkin Arrow
45:14 Forging
45:05 Scale Mail Armor
47:36 Elite Rattan Archer
48:25 Treadmill Crane
49:23 Plate Barding Armor
53:45 Elite Skirmisher
57:12 Imperial Skirmisher
MedaY
3:04 Loom
12:13 Feudal Age
13:05 Double-Bit Axe
17:53 Castle Age
15:56 Gold Mining
18:25 Horse Collar
24:36 Imperial Age
22:47 Heavy Plow
23:35 Bow Saw
24:44 Wheelbarrow
26:20 Chemistry
27:51 Onager
32:11 Padded Archer Armor
32:02 Fletching
33:50 Leather Archer Armor
37:04 Bodkin Arrow
37:32 Scale Barding Armor
38:35 Husbandry
38:46 Bloodlines
37:57 Light Cavalry
39:17 Thumb Ring
39:35 Murder Holes
40:05 Forging
41:01 Hand Cart
41:34 Parthian Tactics
42:29 Bracer
42:50 Chain Barding Armor
43:13 Conscription
45:39 Iron Casting
48:24 Ballistics
49:06 Blast Furnace
48:19 Heavy Cavalry Archer
51:15 Hussar
56:27 Cavalier
57:15 Town Watch
60:42 Fortified Wall
jenjak
0:28 Loom
13:50 Feudal Age
14:37 Double-Bit Axe
23:15 Castle Age
22:32 Scale Mail Armor
22:22 Fletching
22:35 Horse Collar
23:23 Pikeman
26:31 Town Watch
28:29 Chemistry
28:05 Murder Holes
30:48 Elite Skirmisher
36:29 Forging
37:10 Bodkin Arrow
41:09 Imperial Age
40:47 Wheelbarrow
40:17 Caravan
40:59 Bow Saw
42:56 Conscription
43:00 Heavy Plow
44:59 Imperial Skirmisher
56:34 Chain Mail Armor
56:20 Padded Archer Armor
57:21 Husbandry
60:01 Hand Cart
63:03 Fortified Wall
64:28 Caravan
65:24 Town Patrol
BeachPortal
0:41 Loom
14:03 Feudal Age
17:24 Gold Mining
18:54 Horse Collar
22:49 Castle Age
24:16 Double-Bit Axe
30:49 Wheelbarrow
38:17 Imperial Age
36:16 Town Watch
37:29 Tusk Swords
40:18 Cavalier
42:22 Chemistry
41:33 Fortified Wall
41:46 Ballistics
41:46 Caravan
43:01 Bow Saw
43:23 Onager
44:33 Fletching
44:48 Scale Barding Armor
44:55 Forging
44:40 Elite Ballista Elephant
49:19 Elite Skirmisher
52:02 Elite Battle Elephant
56:49 Bloodlines
58:25 Chain Barding Armor
58:40 Iron Casting
58:01 Bodkin Arrow
58:54 Double Crossbow
61:43 Double Crossbow
adjum5275
0:27 Loom
14:47 Feudal Age
22:09 Castle Age
21:31 Horse Collar
23:06 Man-at-Arms
24:25 Forging
24:16 Scale Mail Armor
24:19 Heavy Plow
24:09 Double-Bit Axe
24:25 Long Swordsman
25:50 Iron Casting
26:02 Wheelbarrow
25:20 Town Watch
26:03 Squires
27:18 Chain Mail Armor
28:22 Gold Mining
28:38 Caravan
29:22 Hand Cart
29:49 Town Patrol
32:30 Bow Saw
34:24 Crossbowman
34:26 Elite Skirmisher
35:02 Fletching
35:12 Padded Archer Armor
35:44 Anarchy
37:15 Bodkin Arrow
37:35 Leather Archer Armor
42:27 Imperial Age
44:45 Blast Furnace
43:47 Bracer
44:17 Ring Archer Armor
45:04 Perfusion
45:34 Sappers
46:26 Conscription
46:08 Pikeman
50:27 Ring Archer Armor
50:38 Elite Huskarl
59:43 Halberdier
64:45 Two-Man Saw
65:06 Crop Rotation
eliw
0:35 Loom
15:45 Feudal Age
18:53 Double-Bit Axe
22:33 Wheelbarrow
25:43 Castle Age
23:54 Fletching
23:59 Stone Mining
24:00 Gold Mining
23:56 Horse Collar
29:03 Heavy Plow
30:26 Arson
30:42 Squires
30:03 Pikeman
31:01 Forging
30:52 Scale Mail Armor
30:48 Bodkin Arrow
30:58 Caravan
32:19 Iron Casting
32:00 Bow Saw
34:06 Chain Mail Armor
36:28 Hand Cart
38:16 Fortified Wall
38:27 Ballistics
43:24 Imperial Age
45:05 Conscription
45:09 Ironclad
45:29 Plate Mail Armor
46:01 Blast Furnace
47:55 Halberdier
51:34 Elite Teutonic Knight
54:47 Crop Rotation
55:47 Two-Man Saw
Connection lost

Rejoining the realm…

Still unreachable

The connection could not be restored.

Session expired

The server has moved on; the page needs a fresh start.